 Dungeon Crawl Stone Soup version 0.20-a0-681-gf83e07f (webtiles) character file.

184 Alarkh the Magician (level 5, -4/35 HPs)
             Began as a Mummy Conjurer on Feb 18, 2017.
             Slain by an orc warrior
             ... wielding a +0 battleaxe
              (16 damage)
             ... on level 4 of the Dungeon.
             The game lasted 00:03:19 (2940 turns).

Alarkh the Magician (Mummy Conjurer)                Turns: 2940, Time: 00:03:20

Health: -4/35      AC:  4    Str: 12    XL:     5   Next: 36%
Magic:  3/12       EV: 17    Int: 15    God:
Gold:   108        SH:  0    Dex: 12    Spells: 11/14 levels left

rFire    x . .     SeeInvis .   a - +4 quarterstaff (chaos)
rCold    + . .     Gourm    .   k - +0 robe
rNeg     + + +     Faith    .   (shield currently unavailable)
rPois    ∞         Spirit   .   (no helmet)
rElec    .         Reflect  .   j - +0 cloak
rCorr    +         Harm     .   o - +0 pair of gloves
MR       .....                  (no boots)
Stlth    ++........             (no amulet)
Regen    0.2/turn               p - +5 ring of evasion
MPRegen  0.2/turn               m - ring of resist corrosion

@: very slightly contaminated
A: no food or potions, fire vulnerability, cold resistance 1, negative energy
resistance 3, torment resistance, unbreathing
a: no special abilities


You were on level 4 of the Dungeon.
You were not hungry.

You visited 1 branch of the dungeon, and saw 4 of its levels.

You collected 108 gold pieces.

Inventory:

Hand Weapons
 a - a +4 quarterstaff of chaos (weapon)
Armour
 j - a +0 cloak (worn)
 k - a +0 robe (worn)
 o - a +0 pair of gloves (worn)
Jewellery
 f - an uncursed amulet of rage
 m - a ring of resist corrosion (left hand)
 p - a +5 ring of evasion (right hand)
Scrolls
 c - 2 scrolls of amnesia
 d - 5 scrolls of teleportation
 e - a scroll of identify
 g - 3 scrolls of random uselessness {unknown}
 h - 3 scrolls of remove curse {unknown}
 i - a scroll of enchant weapon
 l - a scroll of enchant armour {unknown}
 n - a scroll of magic mapping {unknown}
 q - a scroll of blinking {unknown}
Books
 b - a book of Conjurations

   Spells                             Type                      Level
   a - Magic Dart                     Conjuration                  1
   b - Searing Ray                    Conjuration                  2
   c - Dazzling Spray                 Conjuration/Hexes            3
   d - Fulminant Prism                Conjuration/Hexes            4
   e - Force Lance                    Conjuration/Translocation    4
   f - Iskenderun's Mystic Blast      Conjuration                  4


   Skills:
 - Level 1.5 Dodging
 - Level 1.5 Stealth
 + Level 5.1 Spellcasting
 + Level 4.6 Conjurations


You had 11 spell levels left.
You knew the following spells:

 Your Spells              Type           Power        Failure   Level  Hunger
a - Magic Dart            Conj           ###.         2%          1    N/A
b - Searing Ray           Conj           ###...       4%          2    N/A

Dungeon Overview and Level Annotations

Branches:
Dungeon (4/15)
 Temple: D:4-7

Altars:
Makhleb
Vehumet


Innate Abilities, Weirdness & Mutations

You do not eat or drink.
Your flesh is vulnerable to fire.
You are immune to poison.
Your flesh is cold resistant. (rC+)
You are immune to negative energy. (rN+++)
You are immune to unholy pain and torment.
You can survive without breathing.


Message History

Aim: an orc warrior, wielding a battleaxe and wearing a plate armour The searing ray hits the orc warrior. (Press . to maintain the ray.)
The searing ray hits the orc warrior.
The searing ray hits the orc warrior.
The orc warrior hits you with a battleaxe!
The searing ray hits the orc warrior.
The searing ray hits the orc wizard.
The orc wizard is almost dead.
You finish channeling your searing ray.
The orc warrior closely misses you.
The orc wizard shouts!
You thump the orc warrior! You drain the orc warrior!
The orc warrior is heavily wounded.
The orc warrior closely misses you.
You thump the orc warrior!
The orc warrior is severely wounded.
The orc warrior misses you.
You hit the orc warrior.
The orc warrior is almost dead.
The orc warrior hits you with a battleaxe!
You die...

#.#.# ..
................
#...# o
............(.....
###.#
#o#######.........##
#.# .### #.........##
#.### ..#
#.%.......## #.!.#
#o# #..........+
###%### #o#
#........### #...#
#o# #........# #
###.# #@# #........#
# #...####.#
#........# #
######.##.....#
########## #
#......##.##### #
#......##.###########
#......##...#.......#
#......####.#.......#
#.........#.........#
#.....###.#.........#


You could see an orc warrior and 2 orc wizards.

Vanquished Creatures
  Crazy Yiuf (D:2)
  2 worker ants (D:4)
  5 adders
  An ooze (D:4)
  2 worms
  2 dart slugs
  2 leopard geckos (D:3)
  An orc (D:4)
  3 giant cockroaches
  9 goblins
  9 hobgoblins
  3 kobolds
  A quokka (D:4)
  3 ball pythons
  A bat (D:2)
  3 frilled lizards
  A quokka skeleton (D:4)
  2 rats
51 creatures vanquished.

Vanquished Creatures (others)
  An orc (D:4)
1 creature vanquished.

Grand Total: 52 creatures vanquished

Notes
Turn   | Place    | Note
-------+----------+-------------------------------------------
     0 | D:1      | Alarkh the Mummy Conjurer began the quest for the Orb.
     0 | D:1      | Reached XP level 1. HP: 13/13 MP: 4/4
   239 | D:1      | Reached skill level 3 in Spellcasting
   609 | D:1      | Reached XP level 2. HP: 12/19 MP: 0/6
  1126 | D:2      | Reached XP level 3. HP: 20/24 MP: 1/8
  1130 | D:2      | Learned a level 2 spell: Searing Ray
  1503 | D:2      | Found a runed door.
  1569 | D:2      | Noticed Crazy Yiuf
  1574 | D:2      | Killed Crazy Yiuf
  1574 | D:2      | Reached skill level 4 in Spellcasting
  1574 | D:2      | Reached XP level 4. HP: 30/30 MP: 5/10
  1640 | D:3      | Found a burning altar of Makhleb.
  2524 | D:4      | Found a radiant altar of Vehumet.
  2629 | D:4      | Reached XP level 5. HP: 23/35 MP: 1/12
  2814 | D:4      | Reached skill level 5 in Spellcasting
  2930 | D:4      | Noticed an orc warrior
  2940 | D:4      | Slain by an orc warrior

Vault maps used:
D:1:      dpeg_cavernosity
D:2:      uniq_crazy_yiuf_cottage
D:3:      minmay_door_path, marbit_many_paths, first_bread,
          kennysheep_nondescript
D:4:      fiery_altar_vehumet, hex_tiny, bloody_makhleb

Skill      XL: |  1  2  3  4  5 |
---------------+----------------+-----
Spellcasting   | 3 4 5 |  5.1
Conjurations   | 4 |  4.6
Dodging        | |  1.5
Stealth        | |  1.5

Action                   |  1- 3 |  4- 6 || total
-------------------------+-------+-------++-------
Melee: Unarmed           |    51 |       ||    51
       Quarterstaff      |       |    28 ||    28
 Cast: Magic Dart        |    59 |    67 ||   126
       Searing Ray       |     1 |     2 ||     3
  Use: Scroll            |     2 |     1 ||     3
Armor: Robe              |     8 |     7 ||    15
Dodge: Dodged            |    43 |    50 ||    93
